 Dungeon Crawl Stone Soup version 0.30-a0-870-gc5d4c5acee (webtiles) character file.

Game seed: 10998140156452751818

203 OhDinosaurWizard the Cudgeller (level 5, -1/33 HPs)
             Began as a Gargoyle Fighter on Mar 11, 2023.
             Was a Believer of Lugonu.
             Frozen to death by an endoplasm (4 damage)
             ... on level 3 of the Dungeon on Mar 12, 2023.
             The game lasted 01:08:51 (3888 turns).

OhDinosaurWizard the Cudgeller (Gargoyle Fighter)   Turns: 3888, Time: 01:08:51

Health: -1/33      AC: 13    Str: 22    XL:     5   Next: 81%
Magic:  5/5        EV: 10    Int:  8    God:    Lugonu [**....]
Gold:   78         SH:  4    Dex:  9    Spells: 4/4 levels left

rFire   . . .      SeeInvis .    m - +2 club (spect)
rCold   . . .      Faith    .    c - +0 buckler
rNeg    + . .      Spirit   .    w - +2 ring mail {Will+}
rPois   ∞          Reflect  .    (no helmet)
rElec   +          Rampage  .    (no cloak)
rCorr   .                        (no gloves)
Will    +....                    B - +0 pair of boots Stlth
                                 (no amulet)
HPRegen 0.25/turn                (no ring)
MPRegen 0.09/turn                (no ring)

@: no status effects
A: sickness immunity, AC +4, negative energy resistance 1, electricity
resistance, torment resistance 1, petrification resistance
a: Renounce Religion, Depart the Abyss, Banish


You were on level 3 of the Dungeon.
You worshipped Lugonu.
Lugonu was pleased with you.
You visited 1 branch of the dungeon, and saw 3 of its levels.

You collected 78 gold pieces.

Inventory:

Hand Weapons
 a - a +0 flail
 e - a +0 short sword
 f - a +0 hand axe
 g - a +1 whip {Whipzorbo}
 h - a +0 mace
 j - a +0 club
 m - a +2 spectral club (weapon)
 n - a +0 dagger
 p - a +0 sling
 q - a +0 sling
 x - a +0 sling
 A - a +0 spear
Missiles
 k - 29 stones (quivered)
Armour
 b - a +0 scale mail
 c - a +0 buckler (worn)
 o - a +0 scale mail
 r - an orb of light
 t - a +0 ring mail
 u - a +0 leather armour
 w - a +2 ring mail of willpower (worn)
 B - a +0 pair of boots (worn)
Wands
 d - a wand of iceblast (8)
Scrolls
 l - a scroll of magic mapping
 y - a scroll of fog
 C - a scroll of identify
 E - a scroll of brand weapon
Potions
 i - 2 potions of mutation {unknown}
 s - 2 potions of curing {unknown}


   Skills:
 + Level 4.2 Fighting
 + Level 4.2 Maces & Flails
 + Level 4.2 Armour
 + Level 0.5 Dodging
 + Level 3.8 Shields


You had 4 spell levels left.
You didn't know any spells.
Your spell library contained the following spells:

 Spells                   Type           Power      Damage    Failure   Level
 Magic Dart               Conj           0%         1d3       65%         1
 Call Imp                 Summ           0%         N/A       80%         2
 Wereblood                Tmut           0%         N/A       80%         2
 Dazzling Flash           Conj/Hex       0%         N/A       95%         3
 Mephitic Cloud           Conj/Pois/Air  0%         N/A       95%         3
 Iskenderun's Mystic Bla  Conj/Tloc      0%         2d3       100%        4
 Starburst                Conj/Fire      0%         6d3       100%        6
 Summon Hydra             Summ           0%         N/A       100%        7
 Sublimation of Blood     Necr           Unusable   N/A       N/A         2

Dungeon Overview and Level Annotations

Branches:
Dungeon (3/15)

Altars:
Lugonu

Shops:
D:3 *

Annotations:
D:3 Sigmund


Innate Abilities, Weirdness & Mutations

You are immune to sickness and miasma.
Your stone body is resilient. (AC +4)
You are immune to poison.
You resist negative energy. (rN+)
You are resistant to electric shocks. (rElec)
You are resistant to unholy torment.
You are immune to petrification.


Message History

Hit: m) +2 club (spect)
Press: ? - help, Dir - move target, f/p - goblin
Aim: a goblin, wielding a +0 club (grey smoke, severely wounded, about 44% to evade your +2 spectral club)
You closely miss the goblin.
The goblin is severely wounded.
The endoplasm hits you but does no damage.
The goblin hits you but does no damage. You block the hobgoblin's attack.
Hit: m) +2 club (spect)
Press: ? - help, Dir - move target, f/p - goblin
Aim: a goblin, wielding a +0 club (grey smoke, severely wounded, about 44% to evade your +2 spectral club)
You sock the goblin!
You kill the goblin!
Lugonu accepts your kill.
The endoplasm hits you but does no damage.
You block the hobgoblin's attack.
Hit: m) +2 club (spect)
Press: ? - help, Dir - move target, f - endoplasm
Aim: an endoplasm (grey smoke, about 13% to evade your +2 spectral club)
You hit the endoplasm but do no damage.
The hobgoblin hits you but does no damage.
The endoplasm barely misses you.
Hit: m) +2 club (spect)
Press: ? - help, Dir - move target, f/p - endoplasm
Aim: an endoplasm (grey smoke, about 13% to evade your +2 spectral club)
You barely miss the endoplasm.
The hobgoblin hits you but does no damage.
The endoplasm freezes you.
You are frozen.
* * * LOW HITPOINT WARNING * * *
Hit: m) +2 club (spect)
Press: ? - help, Dir - move target, f/p - endoplasm
Aim: an endoplasm (grey smoke, about 13% to evade your +2 spectral club)
You barely miss the endoplasm.
The hobgoblin hits you but does no damage.
The endoplasm freezes you.
You are frozen.
* * * LOW HITPOINT WARNING * * *
The endoplasm freezes you.
You are frozen.
You die...

~~~~~~~~~~≈~~≈~~~~....~~~~~~≈~~~~
≈≈~~≈≈≈≈≈≈≈≈≈≈≈~~...☼○§≈≈≈≈≈≈≈≈≈≈
≈≈≈≈≈≈≈≈≈≈≈≈≈≈≈≈~...☼§~~≈≈≈≈≈≈≈≈≈
###################§○############
.........#.......#.○☼☼#
...))....'.......#○☼§○# .
.....÷...#########○§○§#########..
######...☼○☼○☼§§#§○○§☼○#.........
#...§§○§§○§@g☼○○g§§.........
######...§§○§○§§#J○§§§○#......g.)
.........#########☼§○§#########..
.........'.......#☼○§§# .
.........#.......#.§○§#
#######################


You could see an endoplasm, a hobgoblin and a goblin.

Vanquished Creatures
  Ijyb (D:3)
  6 gnolls
  2 adders (D:2)
  4 worms
  8 endoplasms
  4 giant cockroaches
  22 goblins
  15 hobgoblins
  4 kobolds
  A quokka (D:3)
  3 ball pythons
  5 bats
  4 frilled lizards
  6 rats
85 creatures vanquished.

Vanquished Creatures (others)
  3 fungi (D:3)
  4 plants (D:3)
7 creatures vanquished.

Grand Total: 92 creatures vanquished

Notes
Turn   | Place    | Note
-------+----------+-------------------------------------------
     0 | D:1      | OhDinosaurWizard the Gargoyle Fighter began the quest for
                  | the Orb.
     0 | D:1      | Reached XP level 1. HP: 14/14 MP: 1/1
   470 | D:1      | Reached XP level 2. HP: 19/19 MP: 2/2
  1206 | D:2      | Reached XP level 3. HP: 24/24 MP: 3/3
  1924 | D:2      | Reached XP level 4. HP: 27/29 MP: 4/4
  2665 | D:2      | You fall into a shaft and drop 1 floor!
  2743 | D:3      | Noticed Ijyb
  2776 | D:3      | Killed Ijyb
  2983 | D:3      | Found a faded altar of an unknown god.
  2993 | D:3      | Prayed at the altar of an unknown god.
  2993 | D:3      | Became a worshipper of Lugonu the Unformed
  2993 | D:3      | Reached * piety under Lugonu
  3049 | D:3      | Found Reagoq's General Store.
  3093 | D:3      | Noticed Sigmund
  3311 | D:2      | Reached XP level 5. HP: 32/33 MP: 5/5
  3574 | D:3      | Reached ** piety under Lugonu
  3888 | D:3      | Frozen to death by an endoplasm

Illustrated notes

Levels and vault maps discovered:
D:1:      onia_arrival_mini_spirals, layout_basic, kennysheep_decorative_pillar,
          minmay_pentomino_p2
D:2:      layout_basic, uniq_terence
D:3:      minmay_goblin_kobold_castle, layout_basic,
          riverfiend_overflow_shadow_ancestor, serial_shops, shop,
          gup_sewer_entry_bubbles, shapermc_ecumenical_altar_mp_ritualfount,
          uniq_jessica, uniq_sigmund, uniq_ijyb

Skill      XL: |  1  2  3  4  5 |
---------------+----------------+-----
Maces & Flails | 3 4 |  4.2
Fighting       | 4 |  4.2
Armour         | 4 |  4.2
Dodging        | |  0.5
Shields        | |  3.8

Action                     |  1- 3 |  4- 6 || total
---------------------------+-------+-------++-------
  Melee: Flail             |    74 |       ||    74
         Whip              |    98 |    45 ||   143
         Club              |       |   116 ||   116
  Throw: Stone             |     1 |     7 ||     8
    Use: Scroll            |     2 |     4 ||     6
         Potion            |       |     2 ||     2
 Armour: Scale mail        |    92 |     8 ||   100
         Skin              |       |    18 ||    18
         Ring mail         |       |    78 ||    78
  Dodge: Dodged            |    85 |   106 ||   191
  Block: Buckler           |    33 |    50 ||    83

Table legend: (Time is in decaauts)
 A = Elapsed time spent in this place.
 B = Non-inter-level travel time spent in this place.
 C = Inter-level travel time spent in this place.
 D = Time resting spent in this place.
 E = Time spent auto-exploring this place.
 F = Levels seen in this place.
 G = Mean time per level.
                   A        B        C        D        E       F      G
               +--------+--------+--------+--------+--------+-----+--------+
         Total |   3934 |   3908 |     26 |   1173 |      0 |   3 | 1311.3 |
       Dungeon |   3934 |   3908 |     26 |   1173 |      0 |   3 | 1311.3 |
               +--------+--------+--------+--------+--------+-----+--------+

Top non-repeatable levels by time:
     D:2: 1644 daAuts
     D:1: 1229 daAuts
     D:3: 1060 daAuts
